 Dungeon Crawl Stone Soup version 0.17.1-1-g73c8601 (webtiles) character file.

17 JustSomeDude the Insei (level 2, 0/28 HPs)
             Began as a Naga Monk on Jan 2, 2016.
             Hit by a javelin thrown by a hobgoblin (12 damage)
             ... on level 1 of the Dungeon.
             The game lasted 00:01:36 (1004 turns).

JustSomeDude the Insei (Naga Monk)                  Turns: 1004, Time: 00:01:36

Health: 0/28       AC:  1    Str: 13    XL:     2   Next: 62%
Magic:  2/2        EV: 10    Int: 10    God:
Gold:   39         SH:  0    Dex: 13    Spells: 0 memorised, 1 level left

rFire  . . .     SeeInvis +       - Unarmed
rCold  . . .     Clarity  .     a - +0 robe
rNeg   . . .     SustAt   .     (no shield)
rPois  +         Gourm    .     (no helmet)
rElec  .         Spirit   .     (no cloak)
rCorr  .         Warding  .     (no gloves)
rMut   .         Stasis   .     (no barding)
MR     .....                    (no amulet)
Stlth  ++........               (no ring)
                                (no ring)

@: very slow, not resistant to hostile enchantments, unstealthy
A: see invisible, deformed body, poison resistance, slowness 2, slow metabolism
1, spit poison 2, AC +0
a: Spit Poison


You were on level 1 of the Dungeon.
You were not hungry.

You visited 1 branch of the dungeon, and saw 1 of its levels.

You collected 39 gold pieces.

Inventory:

Armour
 a - a +0 robe (worn)
Scrolls
 c - a scroll of blinking {unknown}
 e - a scroll of enchant weapon {unknown}
 g - a scroll of identify {unknown}
Potions
 d - a potion of heal wounds {unknown}
Comestibles
 b - 2 bread rations
 f - a beef jerky


   Skills:
 + Level 3.1 Fighting
 + Level 2.6 Dodging
 + Level 3.3 Stealth
 + Level 4.3 Unarmed Combat


You had one spell level left.
You didn't know any spells.

Dungeon Overview and Level Annotations

Branches:
Dungeon (1/15)

Altars:


Innate Abilities, Weirdness & Mutations

You cannot wear boots.
Your serpentine skin is tough (AC +0).
You have supernaturally acute eyesight.
Armour fits poorly on your strangely shaped body.
Your system is resistant to poisons.
You cover ground very slowly.
You have a slow metabolism.
You can spit poison.


Message History

Key pressed, stopping explore.
No target in view!
A kobold comes into view. It is wielding a dagger.
A kobold is nearby!
The kobold misses you.
A kobold is nearby!
You barely miss the kobold. The kobold misses you.
A kobold is nearby!
You hit the kobold.
You kill the kobold!
You see here a dagger.
A hobgoblin comes into view.
The hobgoblin shouts!
The hobgoblin throws a javelin.
The javelin hits you!
The hobgoblin throws a javelin.
The javelin hits you.
You see here 2 javelins.
A hobgoblin is nearby!
A hobgoblin is nearby!
The hobgoblin throws a javelin.
The javelin hits you!
You die...

.....# ####.# # .#.# .## # #.# #.
.##... #. ..# ####.########.
..#..# #.##.#
............#.##.... #.##.#
#)..........#..#.g. ##.##.#
##..........##.....###..##.######
##..........###..#......#.......)
................@.#.....#........
#................................
####.#####....(.........##.#.####
#.##...............#.......##
####....####......#.##.........##
......#..)........#.............#
.######.####......##.)..........#
#######..# #......##............#
# #..###.# #.#.#.###...........##


You could see a hobgoblin.

Vanquished Creatures
  A ball python (D:1)
  A giant cockroach (D:1)
  2 goblins (D:1)
  A hobgoblin (D:1)
  3 jackals (D:1)
  3 bats (D:1)
  3 kobolds (D:1)
  A rat (D:1)
15 creatures vanquished.

Notes
Turn   | Place    | Note
--------------------------------------------------------------
     0 | D:1      | JustSomeDude the Naga Monk began the quest for the Orb.
     0 | D:1      | Reached XP level 1. HP: 21/21 MP: 1/1
     2 | D:1      | Noticed a gargoyle
     2 | D:1      | Noticed a demigod
     4 | D:1      | Noticed a minotaur
     4 | D:1      | Noticed a spriggan
     6 | D:1      | Noticed a ghoul
     8 | D:1      | Noticed a human
     8 | D:1      | Noticed an elf
    10 | D:1      | Noticed an octopode
    10 | D:1      | Noticed a demonspawn
    16 | D:1      | Noticed a merfolk
    16 | D:1      | Noticed a felid
    18 | D:1      | Noticed a formicid
    18 | D:1      | Noticed a troll
    20 | D:1      | Noticed a dwarf
    20 | D:1      | Noticed a vine stalker
    22 | D:1      | Noticed a naga
    24 | D:1      | Noticed a tengu
    24 | D:1      | Noticed a draconian
    26 | D:1      | Noticed a centaur
    30 | D:1      | Noticed an ogre
    30 | D:1      | Noticed a vampire
   407 | D:1      | Reached XP level 2. HP: 8/28 MP: 2/2
  1004 | D:1      | Hit by a javelin thrown by a hobgoblin

Action                   || total
-------------------------++-------
Melee: Unarmed           ||    67
 Abil: Spit Poison       ||     2
 Stab: Sleeping          ||     4
